Map: [ESL] Crimson Court

Players

Kelazhur

  • Race: Terran Terran
  • Spawn Location: 7:00

Future - Winner!

  • Race: Terran Terran
  • Spawn Location: 1:00

Event: ESL Spring 2024 Finals

VOD

Have the link to the VOD?

Description

Time

  • Played on: May 31, 2024, 1:34 p.m.
  • Length: 10:37

All games in this series

Show
View Real Time Build Order
Export as new Build Order

Kelazhur Terran 

Build Orders: Cyclone Opening 

Get SALT Encoding   

  12  0:00  SCV  
  13  0:12  SCV  
  14  0:16  Supply Depot  
  14  0:24  SCV  
  15  0:38  SCV  
  15  0:39  Barracks  
  16  0:42  Refinery  
  16  0:50  SCV  
  16  0:52  Refinery  
  17  1:02  SCV  
  18  1:14  SCV  
  19  1:26  Orbital Command, Reaper  
  19  1:31  Supply Depot  
  20  1:42  Factory  
  21  1:54  SCV  
  21  1:59  Reaper  
  22  2:06  SCV  
  22  2:20  Command Center  
  22  2:24  SCV  
  23  2:30  Hellion  
  23  2:36  SCV  
  26  2:41  Barracks Reactor  
  25  2:46  Starport  
  25  2:48  SCV  
  26  2:55  Cyclone  
  28  3:00  SCV  
  28  3:01  Supply Depot  
  29  3:12  SCV  
  30  3:17  Marine x2  
  31  3:24  SCV  
  28  3:34  Cyclone  
  28  3:35  Marine x2  
  28  3:36  SCV  
  33  3:48  Orbital Command, SCV, Medivac  
  34  3:55  Marine x2  
  37  4:00  SCV  
  38  4:04  Orbital Command  
  38  4:13  SCV  
  38  4:14  Supply Depot  
  38  4:16  Factory Tech Lab  
  39  4:17  Marine x2  
  39  4:18  Starport Tech Lab  
  41  4:25  SCV  
  41  4:35  Siege Tank, Marine  
  41  4:36  SCV, Marine  
  47  4:38  SCV  
  48  4:51  SCV  
  49  4:53  Marine x2  
  51  5:00  Raven, Interference Matrix  
  51  5:01  SCV  
  51  5:03  SCV, Refinery  
  55  5:07  Siege Tank  
  55  5:13  SCV  
  59  5:14  Supply Depot  
  59  5:15  SCV  
  59  5:16  Command Center  
  60  5:26  Marine x2  
  62  5:35  SCV x2  
  62  5:38  Raven  
  62  5:42  Siege Tank  
  69  5:48  SCV  
  70  5:52  SCV  
  69  6:01  SCV  
  69  6:02  Marine x2  
  69  6:11  SCV  
  69  6:18  SCV  
  70  6:22  Siege Tank  
  70  6:28  SCV  
  70  6:30  SCV  
  70  6:31  Orbital Command  
  65  6:38  Marine, Engineering Bay, Viking x2  
  65  6:39  Barracks x2  
  70  6:40  SCV  
  70  6:42  SCV, Starport  
  72  6:52  SCV  
  73  6:54  SCV  
  73  6:56  Supply Depot, Siege Tank  
  73  6:57  Marine  
  73  6:58  Refinery  
  79  7:04  SCV  
  79  7:06  SCV  
  80  7:10  Viking  
  79  7:18  SCV x2, Marine  
  84  7:29  Supply Depot x2  
  84  7:30  SCV  
  84  7:32  SCV  
  84  7:35  Viking  
  85  7:47  SCV  
  85  7:51  SCV  
  86  7:52  Siege Tank  
  86  7:53  Barracks Tech Lab  
  86  7:56  Supply Depot  
  88  7:59  SCV  
  88  8:03  SCV  
  85  8:05  Viking x2  
  85  8:06  Marine x2  
  85  8:10  Terran Infantry Weapons Level 1  
  85  8:11  SCV  
  85  8:12  Marine, Stimpack  
  92  8:13  Supply Depot, Engineering Bay  
  92  8:15  SCV  
  87  8:20  Orbital Command  
  87  8:23  SCV  
  87  8:24  Siege Tank, Marine  
  89  8:27  SCV  
  88  8:35  SCV  
  88  8:39  SCV  
  90  8:44  Marine x2  
  90  8:45  Marine  
  90  8:47  SCV  
  94  8:48  Supply Depot  
  94  8:51  SCV  
  94  8:52  SCV  
  96  8:59  SCV  
  96  9:02  Marine  
  96  9:03  SCV  
  96  9:04  SCV  
  96  9:13  Marine  
  96  9:14  Marine  
  96  9:15  SCV  
  87  9:18  Viking x2  
  87  9:20  SCV, Marine  
  87  9:22  SCV  
  86  9:27  SCV  
  86  9:30  Marine  
  88  9:32  SCV, Marine, Engineering Bay  
  88  9:34  SCV, Armory  
  88  9:38  Marine  
  92  9:40  SCV, Siege Tank  
  92  9:44  SCV  
  97  9:46  SCV  
  97  9:48  Marine, Viking  
  97  9:50  Marine  
  97  9:52  SCV  
  99  9:55  Marine  
  99  9:56  SCV  
  99  9:58  SCV  
  97  10:06  SCV, Marine  
  93  10:08  SCV, Marine  
  93  10:09  Barracks  
  93  10:10  Barracks  
  93  10:13  Marine  
  96  10:16  SCV  
  96  10:19  SCV  
  96  10:21  SCV  
Show
View Real Time Build Order
Export as new Build Order

Future Terran - Winner!

Build Orders:  

Get SALT Encoding   

  12  0:00  SCV  
  13  0:12  SCV  
  14  0:16  Supply Depot  
  14  0:24  SCV  
  15  0:38  SCV  
  15  0:39  Barracks  
  16  0:43  Refinery  
  16  0:50  SCV  
  16  0:52  Refinery  
  17  1:02  SCV  
  18  1:14  SCV  
  19  1:26  Orbital Command, Reaper  
  20  1:40  Factory  
  20  1:47  Supply Depot  
  20  1:53  SCV  
  21  1:58  Reaper  
  22  2:05  SCV  
  23  2:17  Command Center  
  23  2:19  SCV  
  24  2:26  Hellion  
  25  2:30  Reaper  
  25  2:32  SCV  
  27  2:43  Supply Depot  
  27  2:45  SCV  
  27  2:48  Hellion  
  30  2:53  Starport  
  30  2:59  SCV  
  30  3:03  Barracks Reactor  
  31  3:11  SCV  
  31  3:12  Factory Tech Lab  
  32  3:23  SCV  
  31  3:35  Siege Tank, SCV  
  35  3:41  Marine x2  
  35  3:42  Medivac  
  36  3:48  SCV  
  36  3:49  Orbital Command  
  35  3:56  Refinery  
  35  3:59  Marine x2  
  35  4:00  SCV  
  38  4:07  Siege Tank  
  41  4:12  Refinery  
  41  4:13  SCV  
  41  4:16  SCV  
  43  4:19  Marine x2, Viking  
  47  4:24  Supply Depot  
  47  4:26  SCV  
  48  4:37  Marine x2  
  50  4:39  Siege Tank  
  50  4:43  SCV  
  54  4:46  SCV  
  54  4:49  Starport  
  55  4:55  SCV  
  55  4:58  Marine x2  
  49  5:01  Starport Tech Lab  
  49  5:03  SCV  
  50  5:07  SCV  
  50  5:10  Supply Depot  
  50  5:11  Siege Tank  
  54  5:15  SCV  
  54  5:16  Marine x2  
  54  5:19  SCV  
  54  5:20  Raven  
  60  5:22  Interference Matrix  
  60  5:27  SCV  
  61  5:32  SCV, Viking  
  61  5:35  Marine x2  
  66  5:38  Supply Depot  
  66  5:39  SCV  
  67  5:44  Siege Tank  
  69  5:50  SCV  
  69  5:57  Marine  
  69  5:59  Marine  
  69  6:00  Raven  
  71  6:04  Viking  
  71  6:06  Supply Depot  
  67  6:19  SCV x2  
  68  6:25  Siege Tank  
  68  6:31  SCV  
  72  6:34  Viking  
  72  6:36  SCV  
  72  6:39  Supply Depot  
  75  6:43  SCV  
  75  6:46  Command Center  
  75  6:48  SCV  
  75  6:55  SCV  
  76  7:03  Siege Tank  
  76  7:04  SCV  
  76  7:07  SCV  
  81  7:10  Viking x2  
  81  7:11  Raven  
  81  7:15  Supply Depot  
  85  7:16  Supply Depot  
  85  7:32  Barracks Tech Lab  
  85  7:35  Siege Tank  
  88  7:37  Barracks x2  
  88  7:38  Barracks  
  88  7:40  SCV  
  88  7:43  SCV  
  90  7:46  Viking  
  90  7:48  Viking  
  94  8:06  Marine  
  94  8:07  Siege Tank  
  98  8:17  Viking x2  
  92  8:24  SCV, Marine  
  92  8:25  SCV  
  94  8:37  SCV x2  
  94  8:39  Siege Tank  
  99  8:42  Marine  
  99  8:43  Barracks Reactor  
  99  8:44  Barracks Reactor, Stimpack  
  100  8:49  SCV  
  100  8:52  SCV  
  102  8:58  Viking x2  
  102  8:59  Raven  
  102  9:00  Marine  
  102  9:01  SCV  
  110  9:09  Marine  
  97  9:17  Marine  
  97  9:19  Siege Tank  
  97  9:20  SCV  
  97  9:21  Orbital Command, SCV  
  101  9:26  Marine x3  
  101  9:27  Marine  
  101  9:31  Liberator x2  
  108  9:33  SCV  
  108  9:35  SCV, Marine  
  114  9:44  Supply Depot  
  114  9:45  Raven, Supply Depot, Marine  
  116  9:47  Marine  
  116  9:49  Marine  
  117  9:53  Marine x2  
  117  9:55  Marine  
  117  9:56  Siege Tank  
  119  10:03  Marine  
  119  10:05  SCV, Marine  
  122  10:07  Supply Depot  
  122  10:08  Supply Depot, Refinery x2  
  122  10:10  Marine  
  122  10:14  Marine x3  
  112  10:29  Engineering Bay  
  112  10:31  Engineering Bay  
Tags
 
Add a new tag
Caveats
  • Supply blocks, unpowered buildings, or Contaminate may cause inaccurate times.
  • Supply counts are checked every 10 seconds.